[Event "Late-Titled-Tuesday-Blitz-July-09-2024"]
[Site "Chess.com"]
[Date "2024.07.09"]
[Round "2"]
[White "Keaton87"]
[Black "Javokhir_Sindarov05"]
[Result "0-1"]
[WhiteElo "2647"]
[BlackElo "3070"]
[TimeControl "180+1"]
[EndTime "14:16:52 PDT"]
[Termination "Javokhir_Sindarov05 won by resignation"]

1. d4 Nf6 2. Nf3 g6 3. Bg5 Bg7 4. Nbd2 O-O 5. e4 d6 6. Bd3 h6 7. Bh4 Nc6 8. c3 e5 9. dxe5 Nxe5 10. Nxe5 dxe5 11. Qe2 Qe8 12. O-O Nh5 13. Bg3 Nxg3 14.
hxg3 Qe7 15. Nc4 h5 16. Ne3 c6 17. a4 a5 18. Nc4 Be6 19. Nb6 Rad8 20. Bc4 Bg4 21.
Qe3 Kh7 22. Rae1 Bh6 23. f4 Rfe8 24. Be2 exf4 25. gxf4 Qxe4 26. Qxe4 Rxe4 27. Bxg4 Rxe1 28. Rxe1 hxg4 29. Re7 Kg8 30. Rxb7 Bxf4 31. Nc4 Bg3 32. Ne3 Rd3 33. Nf1 Rd1 34. b4 Be1 35. bxa5 g3 36.
Rb2 Bxc3 0-1

[Event "Late-Titled-Tuesday-Blitz-July-09-2024"]
[Site "Chess.com"]
[Date "2024.07.09"]
[Round "2"]
[White "rpragchess"]
[Black "MKlose11"]
[Result "1-0"]
[WhiteElo "3109"]
[BlackElo "2658"]
[TimeControl "180+1"]
[EndTime "14:16:56 PDT"]
[Termination "rpragchess won by resignation"]

1. d4 Nf6 2. Bg5 c5 3. d5 d6 4. Nc3 g6 5. e4 Bg7 6. f4 O-O 7.
Nf3 b5 8. Bxf6 Bxf6 9. Bxb5 Qa5 10. e5 Bg7 11. O-O Bg4 12. Qe1 a6 13. Bc4 Bxf3 14.
Rxf3 Nd7 15. e6 Nb6 16. Bf1 f5 17. Rd1 Rab8 18. h3 Qb4 19. b3 a5 20. Qd2 a4 21.
Nb5 Qxd2 22. Rxd2 axb3 23. cxb3 Ra8 24. Bc4 Ra5 25. Kh2 Rfa8 26. Rff2 Rb8 27. g4 fxg4 28. hxg4 Nc8 29. a4 Nb6 30. Rc2 Nxc4 31. Rxc4 Raxb5 32. axb5 Rxb5 33. Rf3 h6 34. Ra4 Bf6 35. g5 hxg5 36.
fxg5 Be5+ 37. Kh3 Rb8 38. Ra7 Re8 39. Rf7 1-0

[Event "Late-Titled-Tuesday-Blitz-July-09-2024"]
[Site "Chess.com"]
[Date "2024.07.09"]
[Round "2"]
[White "vellottiwizard"]
[Black "Ash15K"]
[Result "1-0"]
[WhiteElo "2699"]
[BlackElo "2304"]
[TimeControl "180+1"]
[EndTime "14:16:57 PDT"]
[Termination "vellottiwizard won by checkmate"]

1. e4 c5 2. Nf3 d6 3. d4 cxd4 4. Nxd4 Nf6 5. Nc3 a6 6. Be3 e5 7.
Nb3 Be7 8. f4 exf4 9. Bxf4 Bg4 10. Be2 Bxe2 11. Qxe2 O-O 12. O-O-O b5 13. e5 Nfd7 14.
exd6 Bf6 15. Qf3 Ra7 16. Nd5 Ne5 17. Qg3 Nc4 18. c3 a5 19. Nc5 b4 20. Ne4 Nd7 21. Nexf6+ Nxf6 22. Bg5 Ne4 23. Bxd8 Nxg3 24. Ne7+ Kh8 25.
hxg3 h6 26. Bc7 bxc3 27. bxc3 Rb7 28. Rh4 Na3 29. Ra4 Rb1+ 30. Kd2 Rb2+ 31. Kd3 Nb5 32. Rxa5 Nxd6 33. Bxd6 Rd8 34. Kc4 Rxg2 35. a4 Rxg3 36.
Bxg3 Rxd1 37. Rd5 Rg1 38. Bd6 g5 39. a5 h5 40. a6 h4 41. Ra5 Rg4+ 42. Kb3 h3 43. a7 h2 44. a8=Q+ Kh7 45. Bxh2 Rh4 46. Qg8+ Kh6 47. Qh8# 1-0

[Event "Late-Titled-Tuesday-Blitz-July-09-2024"]
[Site "Chess.com"]
[Date "2024.07.09"]
[Round "2"]
[White "klimkoj"]
[Black "AmbartsumianTyhran2012"]
[Result "1/2-1/2"]
[WhiteElo "2860"]
[BlackElo "2571"]
[TimeControl "180+1"]
[EndTime "14:16:58 PDT"]
[Termination "Game drawn by repetition"]

1. c4 e6 2. Nc3 d5 3. d4 Nf6 4. cxd5 exd5 5. Bg5 c6 6. e3 h6 7. Bh4 Bf5 8. Qf3 Qb6 9. Qxf5 Qxb2 10. Qc8+ Ke7 11.
Nd1 Qb4+ 12. Ke2 g5 13. Bg3 Ne4 14. h4 Nd7 15. Qc7 g4 16. Nf3 Qc4+ 17. Ke1 Qb4+ 18.
Ke2 Ke6 19. a3 Qb5+ 20. Ke1 Bb4+ 21. axb4 Qxb4+ 22. Ke2 Qb5+ 23. Ke1 Qb4+ 24. Ke2 Qb5+ 25. Ke1 Qb4+ 1/2-1/2

[Event "Late-Titled-Tuesday-Blitz-July-09-2024"]
[Site "Chess.com"]
[Date "2024.07.09"]
[Round "2"]
[White "BaylavChess"]
[Black "MyDream003"]
[Result "1-0"]
[WhiteElo "2419"]
[BlackElo "2717"]
[TimeControl "180+1"]
[EndTime "14:17:01 PDT"]
[Termination "BaylavChess won by checkmate"]

1. Nf3 c5 2. e4 Nc6 3. d4 cxd4 4. Nxd4 Nf6 5. Nc3 d6 6. Bg5 e6 7. Qd2 Be7 8. O-O-O O-O 9. Kb1 a6 10. Nxc6 bxc6 11.
Bxf6 gxf6 12. Bc4 Kh8 13. Bb3 Rb8 14. f4 a5 15. Rhf1 Rg8 16. f5 Qb6 17. Qh6 Qd8 18. Rd3 Qf8 19. Qh5 Rg5 20. Qh3 Qg7 21. fxe6 Rxg2 22.
Rg3 Rxg3 23. hxg3 Rxb3 24. axb3 fxe6 25. Qh5 Qf8 26. Rh1 Qg8 27. Qxa5 Bd7 28. Ne2 Qd8 29. Qh5 Qg8 30. Nf4 Be8 31. Qh6 Bf7 32. b4 e5 33. Nh5 Bg6 34. Rf1 Qf7 35. g4 Qc4 36. Qg7# 1-0

[Event "Late-Titled-Tuesday-Blitz-July-09-2024"]
[Site "Chess.com"]
[Date "2024.07.09"]
[Round "2"]
[White "ALRS-SPS"]
[Black "bazar-wokzal"]
[Result "0-1"]
[WhiteElo "2376"]
[BlackElo "2618"]
[TimeControl "180+1"]
[EndTime "14:17:01 PDT"]
[Termination "bazar-wokzal won by resignation"]

1. Nf3 c5 2. b3 Nc6 3. Bb2 d5 4.
e3 Nf6 5. d4 Bg4 6. Be2 e6 7.
dxc5 Bxc5 8. O-O O-O 9. Nbd2 Qc7 10. c4 Ne4 11. Rc1 Rad8 12. cxd5 exd5 13. h3 Bh5 14.
Qc2 Nxd2 15. Qxd2 Bb6 16. Rfd1 Qe7 17. a3 d4 18. exd4 Bxf3 19. Bxf3 Nxd4 20. Bxd4 Rxd4 21. Qb2 Rfd8 22. Rxd4 Bxd4 23. Qc2 g6 24. b4 b6 25. Rd1 a5 26. Qc4 Qf6 27. bxa5 bxa5 28.
Qa4 Kg7 29. Qxa5 Bxf2+ 30. Kh1 Rxd1+ 31. Bxd1 Bg3 32. Qb5 Bd6 33. a4 Qf4 34. Kg1 Qd4+ 0-1

[Event "Late-Titled-Tuesday-Blitz-July-09-2024"]
[Site "Chess.com"]
[Date "2024.07.09"]
[Round "2"]
[White "BardArtem"]
[Black "subham777"]
[Result "0-1"]
[WhiteElo "2815"]
[BlackElo "2567"]
[TimeControl "180+1"]
[EndTime "14:17:02 PDT"]
[Termination "subham777 won by checkmate"]

1. e4 e6 2. d4 d5 3. Nc3 Nf6 4. e5 Nfd7 5. f4 c5 6. dxc5 Bxc5 7. Qg4 O-O 8. Bd3 f5 9. Qh3 Qa5 10. a3 d4 11. Rb1 dxc3 12. b4 Qb6 13. Nf3 Be3 14.
Ng5 Bd2+ 15. Bxd2 cxd2+ 16. Kxd2 h6 17. Nf3 Nc6 18. c3 Qf2+ 19. Be2 Nb6 20. Qg3 Rd8+ 21.
Nd4 Nc4+ 22. Kd3 Rxd4+ 23. cxd4 Qxd4+ 24. Kc2 Qd2+ 25. Kb3 Nd4+ 26. Kxc4 Bd7 27. Bd3 Ne2 28. Qf2 Qc3# 0-1

[Event "Late-Titled-Tuesday-Blitz-July-09-2024"]
[Site "Chess.com"]
[Date "2024.07.09"]
[Round "2"]
[White "lluiss"]
[Black "Meri-Arabidze"]
[Result "0-1"]
[WhiteElo "2216"]
[BlackElo "2690"]
[TimeControl "180+1"]
[EndTime "14:17:03 PDT"]
[Termination "Meri-Arabidze won by resignation"]

1. Nf3 d5 2. d4 Nf6 3. c4 e6 4. cxd5 exd5 5. Nc3 c6 6. Qc2 h6 7. Bf4 Bd6 8. Bxd6 Qxd6 9. e3 Nbd7 10. h3 Nb6 11. Bd3 Be6 12. O-O O-O 13. Ne5 Rac8 14.
Bf5 Nbd7 15. Bxe6 Qxe6 16. Nxd7 Qxd7 17. b4 Ne8 18. Na4 Nd6 19. Nc5 Qe7 20. Qa4 a6 21. Qc2 Rce8 22. Rfe1 f5 23. Nd3 Nc4 24. a4 Qd7 25.
Qc3 Re7 26. Nb2 Nd6 27. Nd3 Nc4 28. Nb2 b5 29. axb5 axb5 30. Nd3 Rfe8 31. Nc5 Qd6 32. Rf1 f4 33. exf4 Qxf4 34. Ra6 Re2 35. Qg3 Qxg3 36. fxg3 Rd2 37. Rf2 Re1+ 38. Rf1 Ree2 39. Ra8+ Kh7 40.
Rff8 Rxg2+ 0-1

[Event "Late-Titled-Tuesday-Blitz-July-09-2024"]
[Site "Chess.com"]
[Date "2024.07.09"]
[Round "2"]
[White "Road2GM3000"]
[Black "Franmu14"]
[Result "0-1"]
[WhiteElo "2398"]
[BlackElo "2708"]
[TimeControl "180+1"]
[EndTime "14:17:06 PDT"]
[Termination "Franmu14 won by checkmate"]

1. d4 d5 2. c4 e6 3. Nc3 Nf6 4. cxd5 exd5 5. Bg5 c6 6. e3 Nbd7 7. Bd3 h6 8. Bh4 Be7 9. Nf3 O-O 10. Qc2 Re8 11.
O-O Ne4 12. Bxe7 Qxe7 13. Nd2 Nxc3 14. bxc3 Nf6 15. c4 dxc4 16. Nxc4 Nd5 17. a3 Bg4 18.
Ne5 Bh5 19. Rab1 f6 20. Nc4 Rac8 21. Qb3 b6 22. e4 Nf4 23. Nxb6+ Bf7 24. Nxc8 Qd7 25.
Bc4 Bxc4 26. Qxc4+ Kh8 27. f3 Rxc8 28. Rb2 Rd8 29.
Rd1 Qe8 30. Rc2 Rd6 31. Qc5 Re6 32. Qf5 Nd5 33. Rxc6 Qxc6 34. exd5 Qa4 35. Qxe6 Qxd1+ 36. Kf2 Qxd4+ 37. Kg3 g5 38. Qf5 Qh4# 0-1

[Event "Late-Titled-Tuesday-Blitz-July-09-2024"]
[Site "Chess.com"]
[Date "2024.07.09"]
[Round "2"]
[White "GulamaliRises"]
[Black "SpeedofLight0"]
[Result "0-1"]
[WhiteElo "2661"]
[BlackElo "3124"]
[TimeControl "180+1"]
[EndTime "14:17:07 PDT"]
[Termination "SpeedofLight0 won on time"]

1. e4 c6 2. d4 d5 3. e5 Bf5 4.
h4 h6 5. h5 e6 6. g4 Bh7 7.
Bd3 Bxd3 8. Qxd3 c5 9. dxc5 Bxc5 10. f4 Ne7 11. Nf3 Nbc6 12. c3 d4 13. b4 Bb6 14.
b5 Na5 15. cxd4 Rc8 16. Nbd2 Nd5 17. a3 Nxf4 18. Qe4 Nd5 19. Bb2 Nc4 20. Nxc4 Rxc4 21. O-O O-O 22. Rfc1 Rxc1+ 23. Rxc1 f5 24. gxf5 Rxf5 25.
Kf2 Qg5 26. Rc8+ Kh7 27. Rf8 Qxh5 28. Ke2 Nf4+ 29. Kd1 Ng6 30. Rxf5 exf5 31. Qxb7 Nh4 32. Ke2 Qg4 0-1

[Event "Late-Titled-Tuesday-Blitz-July-09-2024"]
[Site "Chess.com"]
[Date "2024.07.09"]
[Round "2"]
[White "FM_Kappeler"]
[Black "vova-79"]
[Result "1/2-1/2"]
[WhiteElo "2293"]
[BlackElo "2498"]
[TimeControl "180+1"]
[EndTime "14:17:08 PDT"]
[Termination "Game drawn by repetition"]

1. d4 d5 2. c4 c6 3. Nf3 Nf6 4.
e3 e6 5. b3 c5 6. Bb2 cxd4 7.
exd4 dxc4 8. bxc4 Be7 9. Bd3 O-O 10. O-O b6 11. Re1 Bb7 12. Qe2 Re8 13. Ne5 Nbd7 14. Nd2 Nxe5 15. dxe5 Nd7 16. Ne4 Nc5 17. Rad1 Nxd3 18. Rxd3 Qc7 19. Nd6 Bxd6 20. exd6 Qxc4 21.
Bxg7 Ba6 22. Rg3 Qxe2 23. Rxe2 Bxe2 24. Bf6+ Kf8 25. Bg7+ Kg8 26. Bf6+ Kf8 27. Bg7+ Kg8 1/2-1/2

[Event "Late-Titled-Tuesday-Blitz-July-09-2024"]
[Site "Chess.com"]
[Date "2024.07.09"]
[Round "2"]
[White "Caterpiller35"]
[Black "mac0504"]
[Result "0-1"]
[WhiteElo "2469"]
[BlackElo "2763"]
[TimeControl "180+1"]
[EndTime "14:17:09 PDT"]
[Termination "mac0504 won by resignation"]

1. d4 Nf6 2. Bg5 g6 3. Bxf6 exf6 4. e3 h5 5. c4 h4 6. Nc3 d6 7. Be2 Bg7 8. Bf3 c6 9. Nge2 Na6 10. Rb1 Nc7 11.
b4 Ne6 12. b5 Ng5 13. Nf4 Bd7 14. bxc6 bxc6 15. O-O O-O 16. Be2 Re8 17. Rb7 Bc8 18.
Rb3 Qa5 19. Qd2 h3 20. g3 Ba6 21. Rfb1 Bxc4 22. Rb4 Bxe2 23. Qxe2 f5 24. Qc4 Nf3+ 25. Kh1 Nd2 26. Qd3 Nxb1 27. Rxb1 Rab8 28. Rg1 c5 29. Ncd5 cxd4 30. exd4 Re4 31. g4 Rxd4 32. Qxh3 Rxd5 33. gxf5 Rxf5 0-1

[Event "Late-Titled-Tuesday-Blitz-July-09-2024"]
[Site "Chess.com"]
[Date "2024.07.09"]
[Round "2"]
[White "Chigorinetz"]
[Black "stollenmonster"]
[Result "0-1"]
[WhiteElo "2587"]
[BlackElo "2889"]
[TimeControl "180+1"]
[EndTime "14:17:11 PDT"]
[Termination "stollenmonster won by resignation"]

1. e4 c5 2. Nc3 Nc6 3. Nge2 e5 4.
Nd5 d6 5. Nec3 Nf6 6. Bc4 Nxd5 7. Nxd5 g6 8. d3 Bg7 9. O-O O-O 10. c3 h6 11. f4 exf4 12. Bxf4 Kh7 13. Qd2 Be6 14. a4 Qd7 15. a5 f5 16. exf5 Rxf5 17. Nc7 Bxc4 18.
Nxa8 Bd5 19. a6 Rf8 20. axb7 Qxb7 21. Bxd6 Rxa8 22. Bxc5 Ne5 23. Bd4 a5 24. h3 a4 25. Rae1 Re8 26. c4 Bxg2 27. Bxe5 Bxf1 28. Bxg7 Rxe1 29. Qxh6+ Kg8 30. Qh8+ Kf7 31. Qf8+ Ke6 32.
Qf2 Qg2+ 33. Qxg2 Bxg2+ 34. Kxg2 Rd1 35. d4 Kf7 36. Be5 Rd2+ 37. Kf3 Rxb2 38. d5 a3 39.
c5 Rb5 40. c6 Rxd5 41. c7 Rc5 42. Bd6 Rc3+ 43. Ke4 a2 44. Be5 Rxc7 0-1

[Event "Late-Titled-Tuesday-Blitz-July-09-2024"]
[Site "Chess.com"]
[Date "2024.07.09"]
[Round "2"]
[White "bob1263"]
[Black "TheAlienParty"]
[Result "1-0"]
[WhiteElo "2522"]
[BlackElo "2330"]
[TimeControl "180+1"]
[EndTime "14:17:11 PDT"]
[Termination "bob1263 won by resignation"]

1. d4 Nf6 2. c4 e6 3. Nc3 Bb4 4. Bg5 h6 5. Bh4 d5 6. e3 c5 7. cxd5 Qxd5 8. Bxf6 gxf6 9. Nf3 Nc6 10. a3 Bxc3+ 11. bxc3 b6 12. c4 Qh5 13. d5 Ne5 14.
Be2 Bb7 15. Qa4+ Kf8 16. O-O exd5 17. Nxe5 Qxe2 18. Qd7 fxe5 19. Qxb7 Rd8 20. Qc7 Kg7 21. Qxe5+ f6 22. Qe7+ Kg6 23. cxd5 Rhe8 24. Qxa7 Rxd5 25. Qxb6 Rg5 26. g3 h5 27. Rad1 h4 28. Rd6 Qf3 29.
Qc6 Re4 30. Rxf6+ Qxf6 31. Qxe4+ Rf5 32. g4 1-0

[Event "Late-Titled-Tuesday-Blitz-July-09-2024"]
[Site "Chess.com"]
[Date "2024.07.09"]
[Round "2"]
[White "Skatchkov_V"]
[Black "Sacbutt"]
[Result "1-0"]
[WhiteElo "2705"]
[BlackElo "2318"]
[TimeControl "180+1"]
[EndTime "14:17:12 PDT"]
[Termination "Skatchkov_V won by resignation"]

1. d4 Nf6 2. c4 e6 3. Nf3 d5 4. g3 Be7 5. Bg2 O-O 6. Nc3 Nbd7 7. O-O c6 8. Qd3 Re8 9. e4 dxe4 10. Nxe4 Nxe4 11. Qxe4 Nf6 12. Qe2 c5 13. Be3 Qc7 14. Rfd1 Rb8 15. dxc5 Bxc5 16. Bf4 e5 17. Bxe5 Qb6 18.
Qc2 Ra8 19. h3 Nd7 20. Bc3 Nf6 21. b4 Bf8 22. c5 Qe6 23. Nd4 Qe7 24. Re1 Qd8 25.
Rad1 Rxe1+ 26. Rxe1 Nd5 27. a3 a5 28. Rd1 Nxc3 29.
Qxc3 axb4 30. axb4 Qf6 31. Nb5 Qg5 32. h4 Qe7 33. Nd6 Bg4 34. Re1 Qd7 35. Nxb7 Ra2 36. c6 Qc7 37. Qc4 h5 38. Qxa2 1-0

[Event "Late-Titled-Tuesday-Blitz-July-09-2024"]
[Site "Chess.com"]
[Date "2024.07.09"]
[Round "2"]
[White "CarlosjPineror"]
[Black "JAN2404"]
[Result "1-0"]
[WhiteElo "2681"]
[BlackElo "2085"]
[TimeControl "180+1"]
[EndTime "14:17:12 PDT"]
[Termination "CarlosjPineror won by checkmate"]

1. b3 e6 2. Bb2 Nf6 3. Nf3 d5 4. e3 Be7 5. c4 O-O 6. Qc2 c5 7. Ng5 g6 8. h4 h5 9. Bd3 Qe8 10. Nc3 Nc6 11. a3 d4 12. Nb5 Bd8 13. exd4 cxd4 14. Nxd4 Nxd4 15. Bxd4 e5 16. Bc3 Qc6 17. O-O Ng4 18. Rae1 Bxg5 19. hxg5 Qd6 20. Bb4 Qc7 21. f3 Qb6+ 22. c5 Qe6 23. fxg4 Qxg4 24. Bxg6 Be6 25. Bf5 Qd4+ 26. Rf2 Bd5 27. Qc3 Qh4 28. Qxe5 Rae8 29. Qxe8 Rxe8 30. Rxe8+ Kg7 31. Bc3+ f6 32. Bxf6+ Kf7 33.
Re7+ Kf8 34. Bg6 Bc6 35. Rh7 Kg8 36. Rh8# 1-0

[Event "Late-Titled-Tuesday-Blitz-July-09-2024"]
[Site "Chess.com"]
[Date "2024.07.09"]
[Round "2"]
[White "xhembulla"]
[Black "Martins-BR"]
[Result "1-0"]
[WhiteElo "2624"]
[BlackElo "2356"]
[TimeControl "180+1"]
[EndTime "14:17:12 PDT"]
[Termination "xhembulla won on time"]

1. h4 d5 2. d4 Nf6 3. c4 dxc4 4. Nf3 h6 5. e3 Be6 6. Nbd2 b5 7. a4 c6 8. g3 a6 9. Bg2 Bd5 10. O-O Nbd7 11. Qe2 Ne4 12. Ne5 Nxe5 13. dxe5 Nxd2 14. Bxd5 cxd5 15. Bxd2 e6 16. Qg4 b4 17. h5 a5 18. e4 d4 19. Rfd1 Bc5 20. Qxg7 Rf8 21. Bxh6 Qb6 22. Qg5 Rh8 23. Bg7 Rh7 24. Rac1 c3 25.
bxc3 bxc3 26. Bf6 Bf8 27. Rb1 c2 28. Rxb6 cxd1=Q+ 29. Kg2 Rxh5 30. Rxe6+ fxe6 31. Qg6+ Kd7 32. Qf7+ Kc8 33. Qxe6+ Kb7 34. Qd5+ Kb8 35. Qb5+ Kc8 36. Qc6+ Kb8 37. Qb6+ Kc8 38. Qc6+ Kb8 39. Bh4 Rxh4 40. Qb6+ Kc8 41. Qe6+ Kb8 42. gxh4 Bb4 43. Qb6+ Kc8 44. Qe6+ Kb8 45. Qg8+ Kb7 46. Qg7+ Kb8 47. e6 1-0

[Event "Late-Titled-Tuesday-Blitz-July-09-2024"]
[Site "Chess.com"]
[Date "2024.07.09"]
[Round "2"]
[White "santig8"]
[Black "10n0l20"]
[Result "0-1"]
[WhiteElo "2275"]
[BlackElo "2496"]
[TimeControl "180+1"]
[EndTime "14:17:13 PDT"]
[Termination "10n0l20 won on time"]

1. e4 c6 2. d4 d5 3. e5 c5 4.
dxc5 Qa5+ 5. c3 Qxc5 6. Be3 Qc6 7. Nf3 Bg4 8. Nbd2 Nd7 9. a4 a6 10. h3 Bxf3 11. Nxf3 e6 12. a5 Bc5 13. Bd4 Ne7 14.
Bd3 Ng6 15. O-O Qc7 16. b4 Ba7 17. Bxa7 Rxa7 18. Bxg6 hxg6 19. Qd4 Ra8 20. Rfb1 Rh5 21. Re1 Rc8 22. Rac1 Kf8 23. Qf4 Rf5 24. Qh4 Rxf3 25. gxf3 Nxe5 26. Qg3 Nd3 27. Qh4 Nxe1 28. Rxe1 Qxc3 29.
Rd1 Kg8 30. Qg4 Rc4 31. Qg3 Qxb4 32. Kh2 Qxa5 33. Qb8+ Kh7 34. Qxb7 Qc7+ 35. Qxc7 Rxc7 36. Kg3 Ra7 37. Ra1 a5 38. Ra4 e5 39. Kg4 d4 40.
f4 f6 41. fxe5 fxe5 42. Kf3 Rf7+ 43. Ke4 Rxf2 44. Kxe5 d3 45. Rxa5 d2 46. Rd5 Rf5+ 0-1

[Event "Late-Titled-Tuesday-Blitz-July-09-2024"]
[Site "Chess.com"]
[Date "2024.07.09"]
[Round "2"]
[White "eightbyeightchess"]
[Black "tusplingher"]
[Result "0-1"]
[WhiteElo "2384"]
[BlackElo "2667"]
[TimeControl "180+1"]
[EndTime "14:17:14 PDT"]
[Termination "tusplingher won by resignation"]

1. e4 c5 2. Nf3 e6 3. d4 cxd4 4. Nxd4 Nc6 5. Nc3 Nf6 6. Nxc6 bxc6 7. e5 Nd5 8. Ne4 Qc7 9. f4 Qb6 10. c4 Bb4+ 11. Ke2 f5 12. exf6 Nxf6 13. Nxf6+ gxf6 14. Be3 Bc5 15. Bxc5 Qxc5 16. Qd3 Ba6 17. Kf3 Rb8 18. b3 Qh5+ 19. Kf2 Bb7 20. Be2 Qc5+ 21. Qe3 Qxe3+ 22. Kxe3 c5 23. Bf3 Bxf3 24. Kxf3 Ke7 25. Rad1 a5 26. Rd3 Rb7 27. f5 a4 28. Re1 axb3 29. axb3 Rhb8 30. Ree3 Rb6 31. fxe6 dxe6 32. Rd5 Rxb3 33. Rxc5 Kd6 34. Rh5 Rxe3+ 35. Kxe3 Rb2 36.
g3 Rb7 37. Kd4 e5+ 38. Ke4 Ke6 39. Rh6 Rd7 40. Ke3 Rc7 41. Kd3 Kf5 42. h3 Kg5 43. Rh4 f5 44. Kc3 h5 45. c5 f4 46. gxf4+ Kxh4 47. fxe5 Rxc5+ 48. Kd4 Rc1 0-1

[Event "Late-Titled-Tuesday-Blitz-July-09-2024"]
[Site "Chess.com"]
[Date "2024.07.09"]
[Round "2"]
[White "champ2005"]
[Black "kkpanu9"]
[Result "1-0"]
[WhiteElo "3036"]
[BlackElo "2065"]
[TimeControl "180+1"]
[EndTime "14:17:15 PDT"]
[Termination "champ2005 won on time"]

1. e4 c5 2. Nf3 d6 3. g3 g6 4. Bg2 Bg7 5. O-O Nc6 6. c3 e5 7. Na3 Nge7 8. Nc2 O-O 9. d4 cxd4 10.
cxd4 f5 11. exf5 Nxf5 12. d5 Nce7 13. Ng5 h6 14. Ne4 Nd4 15. Nxd4 exd4 16. b3 Nxd5 17. Bb2 Nf6 18. Qxd4 d5 19. Nxf6+ Bxf6 20. Qxd5+ Qxd5 21. Bxd5+ Kg7 22. Bxf6+ Kxf6 23. Rac1 Rd8 24. Bg2 Rb8 25. Rc7 Rd7 26. Rfc1 Rxc7 27. Rxc7 Bf5 28. Bxb7 Bb1 29. a3 Ba2 30. b4 Rd8 31. Be4 g5 32. Rxa7 Ke5 33. Bf3 Rd3 34. Kg2 Be6 35. Ra5+ Kf6 36. b5 Rb3 37. a4 h5 38. Ra6 Ke5 39. b6 h4 40. gxh4 gxh4 41. Ra5+ Kf4 42. Rb5 h3+ 43. Kg1 Ra3 44. Rb1 Bc8 45. b7 Bxb7 46. Bxb7 Rxa4 47.
Bc8 Ra3 48. Rb4+ Kg5 49. Rg4+ Kf6 50. Kh1 Ra1+ 51. Rg1 Ra3 52. Bg4 Ke5 53. f3 Kf4 54.
Bxh3 Rxf3 55. Bg2 Ra3 56. Rf1+ Kg4 57. Rb1 Ra2 58. Rb4+ Kg5 59. h3 Rd2 60. Kh2 Rf2 61. Kg3 Rd2 62. h4+ Kh6 63. Bf3 Rd3 64. Rb6+ Kg7 65.
Kf4 1-0

[Event "Late-Titled-Tuesday-Blitz-July-09-2024"]
[Site "Chess.com"]
[Date "2024.07.09"]
[Round "2"]
[White "Fandorine"]
[Black "Brown_Mamba24"]
[Result "1-0"]
[WhiteElo "2926"]
[BlackElo "2516"]
[TimeControl "180+1"]
[EndTime "14:17:15 PDT"]
[Termination "Fandorine won by resignation"]

1. d4 Nf6 2. c4 g6 3. Nc3 Bg7 4. e4 d6 5. Be2 O-O 6. Be3 c5 7.
d5 e6 8. Nf3 exd5 9. cxd5 Re8 10. Nd2 a6 11. a4 h5 12. h3 b6 13. O-O Nbd7 14. Re1 Bb7 15. Rb1 Nh7 16. Qc2 Rc8 17. Nc4 Ne5 18. Nxe5 Bxe5 19. Qd2 Bxc3 20. bxc3 Rxe4 21.
c4 b5 22. axb5 axb5 23. Bd3 Re5 24. Rxb5 Rc7 25. Reb1 Bc8 26. Bf4 Re8 27. Rb6 Rd7 28.
Bc2 Nf6 29. Ba4 Ne4 30. Qc2 Qf6 31. Bxd7 Bxd7 32. Be3 Nc3 33. R1b3 Na4 34. Rb8 Rxb8 35. Rxb8+ Kg7 36. Qd2 Qa1+ 37. Kh2 Qe5+ 38. Bf4 Qe7 39. Bh6+ Kh7 40. Qf4 Nc3 41. Bf8 Qe5 42. Bxd6 1-0

[Event "Late-Titled-Tuesday-Blitz-July-09-2024"]
[Site "Chess.com"]
[Date "2024.07.09"]
[Round "2"]
[White "Wizard_97"]
[Black "JunjiCol"]
[Result "0-1"]
[WhiteElo "2710"]
[BlackElo "2429"]
[TimeControl "180+1"]
[EndTime "14:17:18 PDT"]
[Termination "JunjiCol won by checkmate"]

1. e4 e5 2. Nf3 d5 3. Nxe5 Nf6 4. exd5 Qxd5 5. Nf3 Nc6 6. Nc3 Qh5 7. Be2 Bg4 8.
h3 O-O-O 9. d3 Bb4 10. Be3 Rhe8 11. Qd2 Ne4 12. Qc1 Nxc3 13. bxc3 Bxc3+ 14. Kf1 Bxa1 15. Qxa1 Ne5 16. Qd1 Bxf3 17. gxf3 Ng6 18. f4 Qa5 19. f5 Ne7 20. Bg4 Kb8 21. Qf3 Qxa2 22. Kg2 Qd5 23. Ra1 Qxf3+ 24. Bxf3 b6 25. Be4 Nd5 26. Bg5 f6 27. Bd2 Ne7 28. Bc3 Nc8 29. f3 Nd6 30. Kg3 Rg8 31. Kf4 Rdf8 32. Bd5 g5+ 33. Kg4 Rg7 34. Be6 h5+ 35. Kxh5 g4 36. Kh6 Ne8 37. Kh5 Rh8# 0-1

[Event "Late-Titled-Tuesday-Blitz-July-09-2024"]
[Site "Chess.com"]
[Date "2024.07.09"]
[Round "2"]
[White "Mikhail_Golubev"]
[Black "SantoBlue"]
[Result "0-1"]
[WhiteElo "2630"]
[BlackElo "2996"]
[TimeControl "180+1"]
[EndTime "14:17:21 PDT"]
[Termination "SantoBlue won on time"]

1. e4 d6 2. d4 Nf6 3. Nc3 e5 4. Nf3 Nbd7 5. Bc4 Be7 6. a4 O-O 7. O-O c6 8. Re1 h6 9. h3 Re8 10. Be3 exd4 11. Nxd4 Bf8 12. Bf4 Nc5 13. Qf3 Ne6 14.
Nxe6 Bxe6 15. Bxe6 Rxe6 16. Rad1 Qa5 17. Qd3 Rae8 18.
Bd2 Qh5 19. b3 Qg6 20. f3 a6 21. Ne2 Nh5 22. Nf4 Nxf4 23. Bxf4 d5 24. e5 Bc5+ 25. Kh1 Qxd3 26. cxd3 Bd4 27. Bg3 Bxe5 28. f4 Bd4 29.
Rxe6 Rxe6 30. Re1 Rxe1+ 31. Bxe1 f5 32. g4 Kf7 33. Kg2 Ke6 34. Kf3 b5 35. Bd2 bxa4 36. bxa4 c5 37. Ba5 c4 38. Ke2 fxg4 39. hxg4 g6 40. Bb4 Bb2 41. Ba5 Bc1 42. dxc4 dxc4 43. Kf3 Bb2 44. Ke4 Kf6 45. Kd5 c3 46. Ke4 c2 47. Bd2 c1=Q 48. Bxc1 Bxc1 0-1

[Event "Late-Titled-Tuesday-Blitz-July-09-2024"]
[Site "Chess.com"]
[Date "2024.07.09"]
[Round "2"]
[White "shirovin"]
[Black "TheoSlade"]
[Result "0-1"]
[WhiteElo "2084"]
[BlackElo "2452"]
[TimeControl "180+1"]
[EndTime "14:17:22 PDT"]
[Termination "TheoSlade won on time"]

1. e4 e5 2. Nf3 Nc6 3. Bc4 Bc5 4. b4 Bxb4 5. c3 Ba5 6. d4 d6 7. Qb3 Qd7 8. O-O Bb6 9. Bb5 Nf6 10. d5 Nxe4 11.
dxc6 bxc6 12. Bc4 O-O 13. Nbd2 Nc5 14. Qc2 d5 15. Be2 Qe7 16. Ba3 Bg4 17. Nb3 Bxf3 18.
Bxf3 a5 19. Rfe1 e4 20. Be2 a4 21. Nd4 Qd7 22. f3 Rfe8 23. Bf1 Ne6 24. Rad1 exf3 25. gxf3 Nxd4 26. Rxe8+ Rxe8 27. cxd4 Re3 28. Bg2 Rxa3 29. Qb2 Re3 30. Qd2 Qe6 31. h3 Re2 32. Qf4 Qe3+ 33.
Qxe3 Rxe3 34. Kf2 Ra3 35. Rd2 c5 36. dxc5 Bxc5+ 37. Kg3 Bd6+ 38. Kf2 c6 39. Rc2 c5 0-1

[Event "Late-Titled-Tuesday-Blitz-July-09-2024"]
[Site "Chess.com"]
[Date "2024.07.09"]
[Round "2"]
[White "FMOlexandrProhorov"]
[Black "HATilay"]
[Result "0-1"]
[WhiteElo "2347"]
[BlackElo "2569"]
[TimeControl "180+1"]
[EndTime "14:17:23 PDT"]
[Termination "HATilay won by resignation"]

1. d4 Nf6 2. c4 e6 3. Nc3 Bb4 4. f3 c5 5. d5 b5 6. e4 d6 7. Bg5 h6 8. Bh4 O-O 9. Bd3 bxc4 10.
Bxc4 Ba6 11. Bxa6 Nxa6 12. Ne2 Nc7 13. dxe6 fxe6 14. O-O Ba5 15. Bg3 e5 16. Qd3 Bb6 17. Bf2 Kh8 18. Rad1 Nfe8 19. Nd5 Ne6 20. Nec3 Ba5 21.
Nb5 a6 22. Na3 Nd4 23. Bxd4 cxd4 24. Nc4 Bc7 25. f4 Nf6 26. fxe5 dxe5 27. Nxc7 Qxc7 28. Rf5 Nxe4 29. Rxe5 Nf2 30. Qxd4 Nxd1 31. Qxd1 Qxc4 0-1

[Event "Late-Titled-Tuesday-Blitz-July-09-2024"]
[Site "Chess.com"]
[Date "2024.07.09"]
[Round "2"]
[White "IsaqueGoncalvesSanto"]
[Black "petr577"]
[Result "0-1"]
[WhiteElo "1693"]
[BlackElo "2417"]
[TimeControl "180+1"]
[EndTime "14:17:28 PDT"]
[Termination "petr577 won by checkmate"]

1. d4 d5 2. c4 e5 3. dxe5 d4 4. Nf3 Nc6 5. Bg5 f6 6. exf6 Nxf6 7. Nbd2 Bg4 8. h3 Bh5 9. g4 Bg6 10. Bg2 Qd7 11. O-O h5 12. Bxf6 gxf6 13. g5 fxg5 14. Nxg5 O-O-O 15. Qa4 Rg8 16. Kh1 h4 17. Rad1 Bf5 18. Ndf3 Be7 19. e4 Bg6 20. Qa5 Nxa5 21. Ne5 Qa4 22. b3 Qa3 23. Ngf3 Bxe4 24. Nf7 Rdf8 25.
N7e5 Nc6 26. Nxc6 Bxc6 27. Rxd4 Bxf3 28. Bxf3 Rxf3 29. Re1 Rxh3# 0-1